[Event "ICC tourney 2394 (75 10)"]
[Site "Internet Chess Club"]
[Date "2021.02.21"]
[Round "6"]
[White "KasperH"]
[Black "iszerencsy"]
[Result "0-1"]
[ICCResult "White checkmated"]
[WhiteElo "1077"]
[BlackElo "1371"]
[Opening "Sicilian defense"]
[ECO "B30"]
[NIC "SI.31"]
[Time "18:02:46"]
[PlyCount "92"]
[TimeControl "4500+10"]

1. e4 c5 2. Nf3 Nc6 3. c3 e6 4. d4 cxd4 5. cxd4 d5 6. e5 a6 7. a3 Be7 8.
Be2 b5 9. b4 f6 10. Nc3 fxe5 11. Nxe5 Nxe5 12. dxe5 Qc7 13. Qd4 Bb7 14. Bd2
g6 15. Rc1 Qd7 16. O-O Rc8 17. Rc2 Bd8 18. Rfc1 Ne7 19. Nd1 Nc6 20. Qf4 Rf8
21. Qg3 Nd4 22. Bd3 Rxc2 23. Rxc2 Nxc2 24. Bxc2 Bc7 25. Nb2 Qf7 26. Nd3 Qg7
27. Qh3 Qf7 28. Qg3 Bb6 29. Nc5 Bxc5 30. bxc5 Qc7 31. Be3 Qc6 32. Bxg6+
hxg6 33. Qxg6+ Kd8 34. Bg5+ Kc8 35. Be7 Re8 36. Bd6 d4 37. f3 a5 38. Qd3
Rg8 39. Kf1 b4 40. axb4 Ba6 41. Qxa6+ Qxa6+ 42. Kf2 Qd3 43. bxa5 Qe3+ 44.
Kf1 d3 45. a6 Qe2+ 46. Kg1 Qxg2# { White checkmated } 0-1

[Event "ICC tourney 2394 (75 10)"]
[Site "Internet Chess Club"]
[Date "2021.02.21"]
[Round "6"]
[White "SunnyDays0"]
[Black "MeLikeGame"]
[Result "0-1"]
[ICCResult "White resigns"]
[WhiteElo "1220"]
[BlackElo "1341"]
[Opening "King's Indian: London system"]
[ECO "A45"]
[NIC "QP.03"]
[Time "18:02:46"]
[PlyCount "96"]
[TimeControl "4500+10"]

1. d4 Nf6 2. Bf4 g6 3. Nf3 Bg7 4. e3 d5 5. Bd3 O-O 6. O-O b6 7. Nbd2 e6 8.
Ne5 Bb7 9. a4 Nbd7 10. Ndf3 a5 11. Bb5 Nxe5 12. Nxe5 Rc8 13. Rc1 c6 14. Bd3
Nd7 15. Nf3 f6 16. c4 e5 17. dxe5 fxe5 18. Bg3 e4 19. Bh4 Bf6 20. Bxf6 Nxf6
21. Ne5 exd3 22. Qxd3 Ba6 23. Qb3 Bxc4 24. Nxc4 dxc4 25. Rxc4 Kg7 26. Rd1
Qc7 27. Qc3 Rfd8 28. Rcd4 Rxd4 29. Rxd4 Rd8 30. g4 Rxd4 31. Qxd4 Kf7 32. g5
Ne8 33. Qc4+ Kf8 34. Qd4 b5 35. Qh8+ Kf7 36. Qxh7+ Ng7 37. axb5 cxb5 38.
Qh3 Qc1+ 39. Kg2 Qc6+ 40. Kg1 a4 41. Qg3 Qc4 42. Qe5 b4 43. Qf6+ Kg8 44.
Qxg6 a3 45. bxa3 bxa3 46. Qd6 a2 47. Qd8+ Kh7 48. g6+ Kh6 { White resigns }
0-1

[Event "ICC tourney 2394 (75 10)"]
[Site "Internet Chess Club"]
[Date "2021.02.21"]
[Round "6"]
[White "prostripe"]
[Black "salamenceg"]
[Result "1/2-1/2"]
[ICCResult "Game drawn by mutual agreement"]
[WhiteElo "1246"]
[BlackElo "1069"]
[Opening "King's Indian: London system"]
[ECO "A45"]
[NIC "QP.03"]
[Time "18:03:31"]
[PlyCount "87"]
[TimeControl "4500+10"]

1. d4 Nf6 2. Bf4 g6 3. Nf3 Bg7 4. c3 O-O 5. Nbd2 d5 6. h3 c5 7. e3 Nc6 8.
Bb5 cxd4 9. cxd4 Ne4 10. O-O Bf5 11. Bxc6 bxc6 12. Rc1 Rc8 13. Be5 f6 14.
Bh2 Re8 15. g4 Be6 16. Qa4 Qd7 17. Nxe4 dxe4 18. Nd2 f5 19. g5 Rf8 20. Bf4
Bf7 21. Rfd1 Qb7 22. b4 Be6 23. Nb3 Bxb3 24. Qxb3+ Kh8 25. Rc5 Rb8 26. a3
Rbc8 27. Rdc1 Qa6 28. R1c2 Rfd8 29. Qc3 Rf8 30. Rxc6 Rxc6 31. Qxc6 Qxa3 32.
b5 Qa1+ 33. Kg2 Qd1 34. d5 Qf3+ 35. Kh2 Qd1 36. Qc5 Qd3 37. Qc4 Qxc4 38.
Rxc4 Ra8 39. Rc7 Bf8 40. Be5+ Kg8 41. Kg3 Kf7 42. d6 Ke6 43. dxe7 Bxe7 44.
Bf4 { Game drawn by mutual agreement } 1/2-1/2

[Event "ICC tourney 2394 (75 10)"]
[Site "Internet Chess Club"]
[Date "2021.02.21"]
[Round "6"]
[White "proabhi19"]
[Black "auggie29"]
[Result "0-1"]
[ICCResult "White checkmated"]
[WhiteElo "1218"]
[BlackElo "1306"]
[Opening "Sicilian: Taimanov variation"]
[ECO "B45"]
[NIC "SI.39"]
[Time "18:02:55"]
[PlyCount "116"]
[TimeControl "4500+10"]

1. e4 c5 2. Nf3 Nc6 3. d4 cxd4 4. Nxd4 e6 5. Nc3 Bc5 6. Nb3 Bb6 7. Be2 Nge7
8. O-O d5 9. exd5 exd5 10. Bg5 O-O 11. Bd3 Be6 12. Qh5 h6 13. g4 Qd7 14.
Bxh6 Bxg4 15. Qg5 Ng6 16. Bxg6 fxg6 17. Qxg6 Rf6 18. Qxg7+ Qxg7 19. Bxg7
Kxg7 20. Nxd5 Rf5 21. Ne3 Rg5 22. Nxg4 Rxg4+ 23. Kh1 Rg8 24. Rg1 Kf6 25. h3
Rxg1+ 26. Rxg1 Rxg1+ 27. Kxg1 Nb4 28. c3 Nd3 29. Nd2 Nxf2 30. Kg2 Kg5 31.
b3 Kf4 32. a4 Ne4 33. Nxe4 Kxe4 34. c4 Kd3 35. Kf3 Kc3 36. h4 Kxb3 37. h5
Kxc4 38. h6 Bd4 39. h7 Kb4 40. Ke4 Bh8 41. Kd5 Kxa4 42. Kc4 b5+ 43. Kc5 b4
44. Kc4 Ka3 45. Kd3 b3 46. Kd2 Ka2 47. Kc1 b2+ 48. Kd2 b1=Q 49. Ke3 Qd1 50.
Kf4 Qe2 51. Kg5 Qf3 52. Kh6 Qg2 53. Kh5 Kb3 54. Kh4 Kc4 55. Kh5 Kd5 56. Kh4
Ke4 57. Kh5 Kf5 58. Kh6 Qg6# { White checkmated } 0-1

[Event "ICC tourney 2394 (75 10)"]
[Site "Internet Chess Club"]
[Date "2021.02.21"]
[Round "6"]
[White "amka03"]
[Black "GradyL"]
[Result "0-1"]
[ICCResult "White checkmated"]
[WhiteElo "1023"]
[BlackElo "1046"]
[Opening "Scotch: Mieses variation"]
[ECO "C45"]
[NIC "SO.04"]
[Time "18:02:45"]
[PlyCount "60"]
[TimeControl "4500+10"]

1. e4 e5 2. Nf3 Nc6 3. d4 exd4 4. Nxd4 Nf6 5. Nxc6 bxc6 6. e5 Ne4 7. Bd3
Nc5 8. Nc3 d5 9. Bf4 Nxd3+ 10. Qxd3 g6 11. O-O Bf5 12. Qd2 Bg7 13. Rfe1 O-O
14. Rac1 Rb8 15. b3 Re8 16. Bg5 Qd7 17. Bf6 Bxf6 18. exf6 Rxe1+ 19. Rxe1
Qd6 20. Re7 Qxf6 21. Rxc7 d4 22. Ne2 d3 23. cxd3 Rd8 24. d4 Re8 25. Rxa7
Qe6 26. Kf1 Qe4 27. Nc1 Qb1 28. f3 Bd3+ 29. Qxd3 Qxc1+ 30. Kf2 Qe1# { White
checkmated } 0-1

[Event "ICC tourney 2394 (75 10)"]
[Site "Internet Chess Club"]
[Date "2021.02.21"]
[Round "6"]
[White "DevajVadher"]
[Black "solid7"]
[Result "0-1"]
[ICCResult "White checkmated"]
[WhiteElo "913"]
[BlackElo "1274"]
[Opening "Four knights game"]
[ECO "C47"]
[NIC "RG.01"]
[Time "18:02:55"]
[PlyCount "146"]
[TimeControl "4500+10"]

1. e4 e5 2. Nf3 Nf6 3. Nc3 Nc6 4. d3 Bc5 5. Bg5 h6 6. Bh4 g5 7. Bg3 d6 8.
h3 Be6 9. Be2 Nd7 10. O-O h5 11. Nd2 h4 12. Bh2 Nf6 13. Nb3 Bb6 14. Na4 Qd7
15. Nxb6 axb6 16. f3 Ke7 17. c3 Rag8 18. d4 Bxh3 19. gxh3 Qxh3 20. Rf2 g4
21. Bf1 gxf3+ 22. Kh1 Nxe4 23. Rxf3 Qg4 24. Qe2 Ng3+ 25. Bxg3 hxg3+ 26. Kg1
g2 27. Bxg2 Rh3 28. Raf1 f5 29. Nd2 Rg3 30. R1f2 e4 31. Rxg3 Qxe2 32. Rxe2
Rxg3 33. Kf2 Rg6 34. Nf3 Kf6 35. Nh4 Rg4 36. Nxf5 Rf4+ 37. Kg3 Kxf5 38.
Bh3+ Kg5 39. Bc8 Na5 40. b4 Nc4 41. Bxb7 Rf3+ 42. Kg2 Rxc3 43. Bxe4 Ne3+
44. Kf2 Nf5 45. Rc2 Rxc2+ 46. Bxc2 Nxd4 47. Bb1 Kf4 48. Ke1 Ke3 49. Kd1 Nb5
50. Bh7 Nc3+ 51. Kc2 Nxa2 52. Kb3 Nc1+ 53. Kc4 c6 54. b5 d5+ 55. Kb4 c5+
56. Kc3 Ne2+ 57. Kb3 d4 58. Kc4 Nf4 59. Bb1 d3 60. Bxd3 Nxd3 61. Kd5 Nb4+
62. Kd6 c4 63. Kc7 Nd5+ 64. Kc6 Ke4 65. Kd6 c3 66. Kc6 c2 67. Kd6 c1=Q 68.
Ke6 Qc5 69. Kf7 Qxb5 70. Kf8 Qd7 71. Kg8 Kf5 72. Kf8 Kg6 73. Kg8 Qg7# {
White checkmated } 0-1

[Event "ICC tourney 2394 (75 10)"]
[Site "Internet Chess Club"]
[Date "2021.02.21"]
[Round "6"]
[White "pkcl"]
[Black "alexanderllanos"]
[Result "0-1"]
[ICCResult "White checkmated"]
[WhiteElo "1284"]
[BlackElo "1240"]
[Opening "Caro-Kann: exchange variation"]
[ECO "B13"]
[NIC "CK.02"]
[Time "18:02:52"]
[PlyCount "130"]
[TimeControl "4500+10"]

1. e4 c6 2. d4 d5 3. exd5 cxd5 4. Bd3 Nc6 5. Be3 Nf6 6. h3 Qb6 7. b3 Nb4 8.
a3 Nxd3+ 9. Qxd3 g6 10. Nf3 Bf5 11. Qd2 Ne4 12. Qe2 Rc8 13. Ra2 Bg7 14. O-O
O-O 15. Rd1 Rfe8 16. a4 Qb4 17. Rc1 Nc3 18. Nxc3 Qxc3 19. Qd2 a6 20. Qxc3
Rxc3 21. Bd2 Rc6 22. c3 Rec8 23. Be1 Be4 24. Bd2 Bxf3 25. gxf3 e6 26. Raa1
Bf8 27. b4 Rc4 28. Rab1 Bd6 29. f4 f5 30. Kg2 Kf7 31. h4 h5 32. Kf3 Be7 33.
Kg3 R8c7 34. f3 a5 35. Kh3 axb4 36. cxb4 Rxc1 37. Bxc1 Rc4 38. Kg3 Rxb4 39.
Rxb4 Bxb4 40. Bb2 Ke7 41. Kf2 Kd7 42. Ke2 Kc6 43. Bc1 Kb6 44. Bb2 Ka5 45.
Bc1 Kxa4 46. Bb2 Be7 47. Bc1 Kb3 48. Kd3 Bxh4 49. Ke2 Bf6 50. Ke3 h4 51.
Kf2 Bxd4+ 52. Kg2 b5 53. Bd2 Bf6 54. Kh3 Kc2 55. Ba5 d4 56. Bb4 d3 57. Ba5
d2 58. Bxd2 Kxd2 59. Kg2 Ke2 60. Kh3 b4 61. Kg2 b3 62. Kh3 b2 63. Kg2 b1=Q
64. Kh2 Kf2 65. Kh3 Qh1# { White checkmated } 0-1

[Event "ICC tourney 2394 (75 10)"]
[Site "Internet Chess Club"]
[Date "2021.02.21"]
[Round "6"]
[White "chess278"]
[Black "ruthvikal"]
[Result "1/2-1/2"]
[ICCResult "Game drawn by repetition"]
[WhiteElo "1323"]
[BlackElo "397"]
[Opening "Réti opening"]
[ECO "A04"]
[NIC "QP.10"]
[Time "18:02:56"]
[PlyCount "95"]
[TimeControl "4500+10"]

1. Nf3 c5 2. b3 Nc6 3. Bb2 d6 4. e3 Nf6 5. Be2 e5 6. d3 Be7 7. Nbd2 Be6 8.
O-O h6 9. c4 O-O 10. Ne1 Rc8 11. f4 exf4 12. Rxf4 Ne5 13. d4 cxd4 14. exd4
Ng6 15. Rf1 d5 16. c5 b6 17. b4 bxc5 18. bxc5 Qd7 19. Qc2 Bg4 20. Bd3 Rb8
21. Rb1 Qe6 22. Nef3 Nf4 23. Rfe1 Qd7 24. Ne5 Qc8 25. Nxg4 Qxg4 26. Nf3
Nxd3 27. Qxd3 Bd8 28. Ne5 Qc8 29. Bc3 Rxb1 30. Rxb1 Ne4 31. Be1 Bf6 32. Nf3
Re8 33. Bh4 Bxh4 34. Nxh4 Qg4 35. Nf3 Ng5 36. Nxg5 Qxg5 37. c6 g6 38. c7
Qf4 39. Qc3 Rc8 40. Rc1 Kg7 41. a4 a6 42. a5 Qd6 43. Qc6 Qf4 44. Qc3 Qd6
45. Qc6 Qf4 46. Qc3 Qd6 47. Qc6 Qf4 48. Qc3 { Game drawn by repetition }
1/2-1/2

[Event "ICC tourney 2394 (75 10)"]
[Site "Internet Chess Club"]
[Date "2021.02.21"]
[Round "6"]
[White "srikarl99"]
[Black "gmstuartscott"]
[Result "0-1"]
[ICCResult "White checkmated"]
[WhiteElo "749"]
[BlackElo "981"]
[Opening "Giuoco Pianissimo"]
[ECO "C50"]
[NIC "IG.02"]
[Time "18:03:41"]
[PlyCount "134"]
[TimeControl "4500+10"]

1. e4 e5 2. Nf3 Nc6 3. Bc4 Bc5 4. d3 Nf6 5. Bb3 O-O 6. O-O d6 7. Nc3 Bd4 8.
Nxd4 Nxd4 9. Bg5 c6 10. h3 d5 11. exd5 cxd5 12. Re1 Qd6 13. Be3 Nxb3 14.
axb3 d4 15. Bxd4 exd4 16. Nb5 Qb6 17. Na3 Nd5 18. Nc4 Qg6 19. Qf3 Be6 20.
Ne5 Qg5 21. Nc4 Rab8 22. Rxa7 Qd8 23. Raa1 Nb4 24. Qe2 Re8 25. Qd2 Nd5 26.
Na5 Qc7 27. Nc4 f6 28. Qa5 b6 29. Qd2 Rb7 30. Re2 Ra7 31. Rae1 b5 32. Rxe6
Rxe6 33. Rxe6 Ra1+ 34. Re1 Rxe1+ 35. Qxe1 Ne7 36. Na3 Kf7 37. Qe2 g6 38.
Nxb5 Qc5 39. Na3 Nc6 40. Qd2 Kg7 41. c3 Qd5 42. cxd4 Nxd4 43. b4 h5 44. Qc3
Ne2+ 45. Kh2 Nxc3 46. bxc3 Qxd3 47. Kg1 Qxc3 48. Nb5 Qxb4 49. Nc7 f5 50.
Kf1 Qb1+ 51. Ke2 Qb2+ 52. Kf3 Qc3+ 53. Ke2 Qxc7 54. Kf3 h4 55. Ke2 Qc6 56.
f3 Qc5 57. Kf1 g5 58. Ke2 Kg6 59. g4 fxg4 60. fxg4 Qc3 61. Kf2 Qxh3 62. Ke2
Qg3 63. Kd2 h3 64. Ke2 h2 65. Kd2 h1=Q 66. Kc2 Qhh2+ 67. Kb1 Qgg1# { White
checkmated } 0-1

[Event "ICC tourney 2394 (75 10)"]
[Site "Internet Chess Club"]
[Date "2021.02.21"]
[Round "6"]
[White "dalvarezcates"]
[Black "DanielGuan"]
[Result "1-0"]
[ICCResult "Black resigns"]
[WhiteElo "1358"]
[BlackElo "1286"]
[Opening "Sicilian: Nimzovich-Rossolimo attack (without ...d6)"]
[ECO "B30"]
[NIC "SI.31"]
[Time "18:02:46"]
[PlyCount "171"]
[TimeControl "4500+10"]

1. e4 c5 2. Nf3 Nc6 3. Bb5 a6 4. Bxc6 bxc6 5. d3 d6 6. h3 Nf6 7. O-O e5 8.
a4 a5 9. Re1 Be7 10. Nbd2 Ba6 11. b3 O-O 12. Nf1 Qc7 13. Ng3 Rfe8 14. Bg5
h6 15. Bd2 Bf8 16. Nf5 d5 17. N3h4 Rad8 18. Qc1 Kh7 19. g4 Bc8 20. Kg2 Ng8
21. Ng3 g5 22. Nhf5 Bxf5 23. Nxf5 Ne7 24. Nxe7 Bxe7 25. Re3 d4 26. Rf3 f6
27. Rf5 Kg6 28. h4 Rh8 29. Qe1 Ra8 30. Qe2 Qd6 31. Rh1 Qc7 32. Rf3 Kg7 33.
Rfh3 Bd6 34. Qe1 Kg6 35. R1h2 Bf8 36. f3 Ra7 37. Kf2 Ra8 38. Ke2 Ra7 39.
Kd1 Ra8 40. Kc1 Ra7 41. Kb2 Ra8 42. Qc1 Qe7 43. hxg5 fxg5 44. Rh5 Bg7 45.
Qh1 Qf8 46. Kc1 Kf6 47. f4 exf4 48. Bxf4 Kg6 49. Bd2 c4 50. dxc4 Qa3+ 51.
Kd1 Qa1+ 52. Ke2 Qxh1 53. Rxh1 Rhe8 54. Kd3 Rf8 55. R5h3 c5 56. R1h2 Rf6
57. Re2 Re6 58. Rf3 Raa6 59. Rf5 Be5 60. Ref2 Ra8 61. Rf7 Bg3 62. R2f3 Bf4
63. Bxf4 Kxf7 64. Bd6+ Kg6 65. Bxc5 Rae8 66. Bxd4 Rxe4 67. Rf6+ Kh7 68.
Rf7+ Kg8 69. Rg7+ Kf8 70. Ra7 Rxg4 71. Bg7+ Kg8 72. Bxh6 Rd8+ 73. Kc3 Rg3+
74. Kb2 g4 75. Rxa5 Rg1 76. c5 g3 77. c6 Kh7 78. Be3 Re1 79. Bb6 Rg8 80. c7
g2 81. Rd5 Re6 82. Rd8 Rxb6 83. Rxg8 Rg6 84. Rxg6 Kxg6 85. c8=Q g1=Q 86.
Qg8+ { Black resigns } 1-0